PCL
DISTRICT 9 PRAWNS @ SAN JOSE MISSIONS
07/27/2024
 
TOP OF THE 1ST
District 9 Prawns batting - Pitching for San Jose Missions : RHP Bob Cunningham
Pitching: RHP Bob Cunningham
Batting: RHB Enrique Aguilar 0-0: Ground out 1-3 (Groundball, 15)
Batting: RHB Alfredo Cortéz 0-0: Foul Ball, location: 2F
0-1: Swinging Strike
0-2: Ball
1-2: Strikes out swinging
Batting: LHB Terry White 0-0: Foul Ball, location: 2F
0-1: Ball
1-1: Foul Ball, location: 2F
1-2: Strikes out looking
Top of the 1st over - 0 run(s), 0 hit(s), 0 error(s), 0 left on base; District 9 0 - San Jose 0
BOTTOM OF THE 1ST
San Jose Missions batting - Pitching for District 9 Prawns : RHP Wilson Flores
Pitching: RHP Wilson Flores
Batting: RHB Luis Antonio Rosas 0-0: Ball
1-0: SINGLE (Flyball, 9S)
Batting: RHB Madidou El Sayed 0-0: Called Strike
0-1: Ball
1-1: Foul Ball, location: 2F
1-2: Ball
2-2: Foul Ball, location: 2F
2-2: Ball
3-2: Foul Ball, location: 2F
3-2: Foul Ball, location: 2F
3-2: Foul Ball, location: 2F
3-2: Grounds into double play, 6-4-3 (Groundball, 6)
Batting: LHB Miguel Montés 0-0: Swinging Strike
0-1: Ball
1-1: Ball
2-1: Ball
3-1: DOUBLE (Line Drive, 8RXD)
Batting: RHB Armando López 0-0: Fly out, F6 (Line Drive, 6)
Bottom of the 1st over - 0 run(s), 2 hit(s), 0 error(s), 1 left on base; District 9 0 - San Jose 0
TOP OF THE 2ND
District 9 Prawns batting - Pitching for San Jose Missions : RHP Bob Cunningham
Batting: LHB Ryan Hensley 0-0: Called Strike
0-1: Ball
1-1: Ball
2-1: Called Strike
2-2: Ball
3-2: SINGLE (Groundball, 4MS)
Batting: LHB José Flores 0-0: Swinging Strike
0-1: Ball
1-1: Fly out, F8 (Line Drive, 8LM)
Batting: RHB Tony Guzmán 0-0: Swinging Strike
0-1: Called Strike
0-2: Foul Ball, location: 2F
0-2: Ball
1-2: Foul Ball, location: 2F
1-2: Ball
2-2: Strikes out swinging
Batting: RHB Mal Snyder 0-0: Called Strike
0-1: Called Strike
0-2: Ball
1-2: Foul Ball, location: 2F
1-2: Ground out 3-1 (Groundball, 34S)
Top of the 2nd over - 0 run(s), 1 hit(s), 0 error(s), 1 left on base; District 9 0 - San Jose 0
BOTTOM OF THE 2ND
San Jose Missions batting - Pitching for District 9 Prawns : RHP Wilson Flores
Batting: LHB John Foster 0-0: Foul Ball, location: 2F
0-1: Hit by Pitch
Batting: RHB Javier Ramírez 0-0: Called Strike
John Foster steals 2nd base
0-1: Ball
1-1: Foul Ball, location: 2F
1-2: Strikes out swinging
Batting: RHB Artie Green 0-0: Called Strike
0-1: Ball
1-1: Swinging Strike
1-2: Ball
2-2: Ball
3-2: Base on Balls
Batting: RHB Bobby Brewster 0-0: Called Strike
0-1: Swinging Strike
0-2: Grounds into double play, 4-6-3 (Groundball, 4)
Bottom of the 2nd over - 0 run(s), 0 hit(s), 0 error(s), 1 left on base; District 9 0 - San Jose 0
TOP OF THE 3RD
District 9 Prawns batting - Pitching for San Jose Missions : RHP Bob Cunningham
Batting: SHB Mark Pope 0-0: Called Strike
0-1: Ground out 4-3 (Groundball, 4)
Batting: RHB Phil Jacobs 0-0: SINGLE (Line Drive, 89M)
Batting: RHB Enrique Aguilar 0-0: Swinging Strike
0-1: Swinging Strike
0-2: Ball
1-2: Ball
2-2: Ball
3-2: Foul Ball, location: 2F
3-2: Foul Ball, location: 2F
3-2: Foul Ball, location: 2F
3-2: Grounds into double play, 1-4-3 (Groundball, 15)
Top of the 3rd over - 0 run(s), 1 hit(s), 0 error(s), 0 left on base; District 9 0 - San Jose 0
BOTTOM OF THE 3RD
San Jose Missions batting - Pitching for District 9 Prawns : RHP Wilson Flores
Batting: RHB Elliott Rucker 0-0: Ball
1-0: Fly out, F8 (Flyball, 8RD)
Batting: RHB Luis Antonio Rosas 0-0: Ball
1-0: Called Strike
1-1: Ball
2-1: Foul Ball, location: 2F
2-2: Ball
3-2: Foul Ball, location: 2F
3-2: Strikes out swinging
Batting: RHB Madidou El Sayed 0-0: Ball
1-0: Ball
2-0: Swinging Strike
2-1: Foul Ball, location: 2F
2-2: Ball
3-2: Strikes out looking
Bottom of the 3rd over - 0 run(s), 0 hit(s), 0 error(s), 0 left on base; District 9 0 - San Jose 0
TOP OF THE 4TH
District 9 Prawns batting - Pitching for San Jose Missions : RHP Bob Cunningham
Batting: RHB Alfredo Cortéz 0-0: Ball
1-0: Foul Ball, location: 2F
1-1: Ball
2-1: Called Strike
2-2: Strikes out looking
Batting: LHB Terry White 0-0: Called Strike
0-1: Ball
1-1: Swinging Strike
1-2: Fly out, F5 (Popup, 5S)
Batting: LHB Ryan Hensley 0-0: DOUBLE (Line Drive, 9LM)
Batting: LHB José Flores 0-0: Foul Ball, location: 2F
0-1: Ball
1-1: Ball
2-1: Fly out, F7 (Flyball, 7S)
Top of the 4th over - 0 run(s), 1 hit(s), 0 error(s), 1 left on base; District 9 0 - San Jose 0
BOTTOM OF THE 4TH
San Jose Missions batting - Pitching for District 9 Prawns : RHP Wilson Flores
Batting: LHB Miguel Montés 0-0: SINGLE (Line Drive, 34D)
Batting: RHB Armando López 0-0: Ball
1-0: Swinging Strike
1-1: Foul Ball, location: 2F
1-2: Ball
2-2: Grounds into double play, 5-4-3 (Groundball, 56)
Batting: LHB John Foster 0-0: Ball
1-0: Ground out 6-3 (Groundball, 6M)
Bottom of the 4th over - 0 run(s), 1 hit(s), 0 error(s), 0 left on base; District 9 0 - San Jose 0
TOP OF THE 5TH
District 9 Prawns batting - Pitching for San Jose Missions : RHP Bob Cunningham
Batting: RHB Tony Guzmán 0-0: Ball
1-0: Ball
2-0: Ball
3-0: Base on Balls
Batting: RHB Mal Snyder 0-0: Called Strike
0-1: Ball
1-1: SINGLE (Groundball, 5D)
Tony Guzmán to second
Batting: SHB Mark Pope 0-0: Ball
1-0: Foul Ball, location: 2F
1-1: Ball
2-1: Fly out, F9 (Flyball, 89M)
Batting: RHB Phil Jacobs 0-0: Ball
1-0: Foul Ball, location: 2F
1-1: Ball
2-1: Ball
3-1: Base on Balls
Tony Guzmán to third
Mal Snyder to second
Batting: RHB Enrique Aguilar 0-0: Foul Ball, location: 2F
0-1: Foul Ball, location: 2F
0-2: SINGLE (Line Drive, 89S)
Tony Guzmán scores
Mal Snyder to third
Phil Jacobs to second
Batting: RHB Alfredo Cortéz 0-0: SINGLE (Flyball, 8LM)
Mal Snyder scores
Phil Jacobs to third
Enrique Aguilar to second
Batting: LHB Terry White 0-0: Ball
1-0: Swinging Strike
1-1: Called Strike
1-2: Strikes out swinging
Batting: LHB Ryan Hensley 0-0: Reached on Error, E5 (Popup, 15S)
Phil Jacobs scores
Enrique Aguilar to third
Alfredo Cortéz to second
Batting: LHB José Flores 0-0: Called Strike
0-1: Foul Ball, location: 2F
0-2: Ball
1-2: Fly out, F8 (Flyball, 8RD)
Top of the 5th over - 3 run(s), 3 hit(s), 1 error(s), 3 left on base; District 9 3 - San Jose 0
BOTTOM OF THE 5TH
San Jose Missions batting - Pitching for District 9 Prawns : RHP Wilson Flores
Batting: RHB Javier Ramírez 0-0: Called Strike
0-1: Fly out, F8 (Flyball, 8RM)
Batting: RHB Artie Green 0-0: Foul Ball, location: 2F
0-1: SOLO HOME RUN (Line Drive, 7D), Distance : 399 ft
Batting: RHB Bobby Brewster 0-0: Ball
1-0: Ball
2-0: SINGLE (Groundball, 15) (infield hit)
Batting: RHB Elliott Rucker 0-0: Ball
1-0: Foul Ball, location: 2F
1-1: Ball
2-1: Ball
3-1: Swinging Strike
3-2: Foul Ball, location: 2F
3-2: Foul Ball, location: 2F
3-2: Grounds into double play, 4-6-3 (Groundball, 4)
Bottom of the 5th over - 1 run(s), 2 hit(s), 0 error(s), 0 left on base; District 9 3 - San Jose 1
TOP OF THE 6TH
District 9 Prawns batting - Pitching for San Jose Missions : RHP Bob Cunningham
Batting: RHB Tony Guzmán 0-0: Called Strike
0-1: Called Strike
0-2: Ball
1-2: Ground out 4-3 (Groundball, 4M)
Batting: RHB Mal Snyder 0-0: Called Strike
0-1: Ball
1-1: Swinging Strike
1-2: Fly out, F6 (Line Drive, 6)
Batting: SHB Mark Pope 0-0: Ball
1-0: Ball
2-0: Ground out 3-1 (Groundball, 34)
Top of the 6th over - 0 run(s), 0 hit(s), 0 error(s), 0 left on base; District 9 3 - San Jose 1
BOTTOM OF THE 6TH
San Jose Missions batting - Pitching for District 9 Prawns : RHP Wilson Flores
Batting: RHB Luis Antonio Rosas 0-0: Ball
1-0: Foul Ball, location: 2F
1-1: Ball
2-1: Ball
3-1: Foul Ball, location: 2F
3-2: Ground out 5-3 (Groundball, 56S)
Batting: RHB Madidou El Sayed 0-0: Ball
1-0: Foul Ball, location: 2F
1-1: Swinging Strike
1-2: Strikes out looking
Batting: LHB Miguel Montés 0-0: Ball
1-0: Swinging Strike
1-1: Foul Ball, location: 2F
1-2: Ball
2-2: Foul Ball, location: 2F
2-2: Ball
3-2: Base on Balls
Batting: RHB Armando López 0-0: Ball
1-0: Foul Ball, location: 2F
1-1: Ball
2-1: Swinging Strike
2-2: Fly out, F6 (Line Drive, 6)
Bottom of the 6th over - 0 run(s), 0 hit(s), 0 error(s), 1 left on base; District 9 3 - San Jose 1
TOP OF THE 7TH
District 9 Prawns batting - Pitching for San Jose Missions : RHP Bob Cunningham
Batting: RHB Phil Jacobs 0-0: Fly out, F8 (Flyball, 8RD)
Batting: RHB Enrique Aguilar 0-0: Called Strike
0-1: Ball
1-1: Ball
2-1: Ball
3-1: Fly out, F8 (Flyball, 8LXD)
Batting: RHB Alfredo Cortéz 0-0: Foul Ball, location: 2F
0-1: SINGLE (Line Drive, 9LS)
Pitching: LHP Robert Flannery
Batting: LHB Terry White 0-0: Ball
1-0: Ball
2-0: Foul Ball, location: 2F
2-1: Foul Ball, location: 2F
2-2: Strikes out looking
Top of the 7th over - 0 run(s), 1 hit(s), 0 error(s), 1 left on base; District 9 3 - San Jose 1
BOTTOM OF THE 7TH
San Jose Missions batting - Pitching for District 9 Prawns : RHP Wilson Flores
Batting: LHB John Foster 0-0: Ball
1-0: Foul Ball, location: 2F
1-1: Foul Ball, location: 2F
1-2: Ball
2-2: Strikes out looking
Batting: RHB Javier Ramírez 0-0: Ball
1-0: Ball
2-0: Swinging Strike
2-1: Ball
3-1: Base on Balls
Pitching: RHP César Rúbio
Batting: RHB Artie Green 0-0: Ball
Javier Ramírez is caught stealing 2nd base
1-0: Ball
2-0: SINGLE (Line Drive, 7S)
Batting: RHB Bobby Brewster 0-0: Ball
1-0: Ball
2-0: Foul Ball, location: 2F
2-1: Foul Ball, location: 2F
2-2: Strikes out looking
Bottom of the 7th over - 0 run(s), 1 hit(s), 0 error(s), 1 left on base; District 9 3 - San Jose 1
TOP OF THE 8TH
District 9 Prawns batting - Pitching for San Jose Missions : LHP Robert Flannery
Batting: LHB Ryan Hensley 0-0: Ball
1-0: Ground out 4-3 (Groundball, 4)
Batting: LHB José Flores 0-0: Ball
1-0: Foul Ball, location: 2F
1-1: Ball
2-1: Swinging Strike
2-2: Strikes out swinging
Batting: RHB Tony Guzmán 0-0: Foul Ball, location: 2F
0-1: Ball
1-1: Ground out 4-3 (Groundball, 4)
Top of the 8th over - 0 run(s), 0 hit(s), 0 error(s), 0 left on base; District 9 3 - San Jose 1
BOTTOM OF THE 8TH
San Jose Missions batting - Pitching for District 9 Prawns : RHP César Rúbio
Batting: RHB Elliott Rucker 0-0: Ball
1-0: Ball
2-0: Called Strike
2-1: Swinging Strike
2-2: Foul Ball, location: 2F
2-2: Strikes out swinging
Batting: RHB Luis Antonio Rosas 0-0: SINGLE (Line Drive, 9LS)
Batting: RHB Madidou El Sayed 0-0: Called Strike
0-1: Ball
1-1: Called Strike
1-2: SINGLE (Line Drive, 4M)
Luis Antonio Rosas to second
Batting: LHB Miguel Montés 0-0: 3-RUN HOME RUN (Line Drive, 9LD), Distance : 344 ft
Pitching: RHP Gerard Allen
Batting: RHB Armando López 0-0: Ball
1-0: DOUBLE (Line Drive, 8LM)
Batting: LHB John Foster 0-0: Intentional Walk
Batting: RHB Javier Ramírez 0-0: Called Strike
0-1: Ball
1-1: Ball
2-1: Foul Ball, location: 2F
2-2: Foul Ball, location: 2F
2-2: Ball
3-2: Foul Ball, location: 2F
3-2: Strikes out looking
Batting: RHB Artie Green 0-0: Ball
1-0: Foul Ball, location: 2F
1-1: Foul Ball, location: 2F
1-2: TRIPLE (Flyball, 9LS)
Armando López scores
John Foster scores
Batting: RHB Bobby Brewster 0-0: Called Strike
0-1: Swinging Strike
0-2: Ball
1-2: Strikes out looking
Bottom of the 8th over - 5 run(s), 5 hit(s), 0 error(s), 1 left on base; District 9 3 - San Jose 6
TOP OF THE 9TH
District 9 Prawns batting - Pitching for San Jose Missions : LHP Robert Flannery
Pitching: RHP Gabriel Moore
Now at 1B: Jim Brown
Now in CF: Keith Hinkle
Now in RF: José Martínez
Batting: RHB Mal Snyder 0-0: Swinging Strike
0-1: Foul Ball, location: 2F
0-2: Ball
1-2: Ball
2-2: Strikes out swinging
Batting: SHB Mark Pope 0-0: Called Strike
0-1: Ball
1-1: Foul Ball, location: 2F
1-2: Ball
2-2: Strikes out swinging
Batting: RHB Phil Jacobs 0-0: Called Strike
0-1: Foul Ball, location: 2F
0-2: Strikes out swinging
Top of the 9th over - 0 run(s), 0 hit(s), 0 error(s), 0 left on base; District 9 3 - San Jose 6
This league is powered by Out of the Park Baseball, the baseball management simulation game for PC, Mac and Linux
Saturday, April 9th, 2016 - OOTP Baseball 16.8 Build 38